 Dungeon Crawl Stone Soup version 0.32-a0-981-g384da2ce10 (webtiles) character file.

Game seed: 9845152817565797595

308 shadizar the Conjurer (level 5, -5/38 HPs)
             Began as a Demigod Conjurer on Apr 20, 2024.
             Slain by Duvessa
             ... wielding a +0 short sword
              (8 damage)
             ... on level 5 of the Dungeon.
             The game lasted 00:04:19 (4363 turns).

shadizar the Conjurer (Demigod Conjurer)            Turns: 4363, Time: 00:04:20

Health: -5/38      AC:  2    Str:  8    XL:     5   Next: 94%
Magic:  7/13       EV: 12    Int: 28    God:
Gold:   132        SH:  0    Dex: 18    Spells: 4/11 levels left

rFire   . . .        e - +10 spear of Precise Incision {pain, rC+ Int+4}
rCold   + . .        (no shield)
rNeg    . . .        a - +0 robe
rPois   .            (no helmet)
rElec   .            d - scarf {shadows}
rCorr   .            (no gloves)
SInv    .            (no boots)
Will    .....        (no amulet)
Stlth   ++           p - +6 ring of dexterity
HPRegen 0.26/turn    (no ring)
MPRegen 0.13/turn

%: no passive effects
@: no status effects
A: high MP 1, forlorn, divine attributes
a: no special abilities


You were on level 5 of the Dungeon.
You visited 1 branch of the dungeon, and saw 5 of its levels.

You collected 132 gold pieces.

Inventory:

Hand Weapons
 e - the +10 spear of Precise Incision (weapon) {pain, rC+ Int+4}
   (You found it on level 4 of the Dungeon)

   Int+4:     It affects your intelligence (+4).
   rC+:       It protects you from cold.
 k - a +2 vampiric hand axe
Armour
 a - a +0 robe (worn)
 d - a scarf of shadows (worn)
 r - an orb of guile
Jewellery
 p - a +6 ring of dexterity (left hand)
Wands
 h - a wand of polymorph (3)
Scrolls
 c - 3 scrolls of teleportation {unknown}
 g - a scroll of blinking {unknown}
 i - 5 scrolls of identify {unknown}
 j - a scroll of acquirement {unknown}
 l - a scroll of enchant weapon {unknown}
 o - a scroll of poison {unknown}
 q - a scroll of butterflies {unknown}
 s - a scroll of fear {unknown}
Potions
 b - a potion of magic
 f - a potion of curing {unknown}
 m - 2 potions of degeneration {unknown}
 n - a potion of might {unknown}


   Skills:
 - Level 2.3 Dodging
 - Level 2.4 Stealth
 + Level 3.8 Spellcasting
 + Level 5.2 Conjurations
 + Level 0.0 Translocations


You had 4 spell levels left.
You knew the following spells:

 Your Spells              Type           Power      Damage    Failure   Level
a - Magic Dart            Conj           100%       1d8       1%          1
b - Searing Ray           Conj           68%        2d6       1%          2
c - Iskenderun's Mystic Conj/Tloc 19%            2d6        (+2d2     26%         4

Your spell library contained the following spells:

 Spells                   Type           Power      Damage    Failure   Level
 Lesser Beckoning         Tloc           10%        N/A       12%         2
 Maxwell's Portable Pile  Tloc           5%         2d(5-15)  22%         3
 Teleport Other           Tloc           5%         N/A       22%         3
 Fulminant Prism          Conj/Alch      9%         3d7       26%         4
 Magnavolt                Erth/Air       2%         3d9       100%        7
 Maxwell's Capacitive Co  Air            2%         ∞         100%        8


Dungeon Overview and Level Annotations

Branches:
Dungeon (5/15)
 Temple: D:4-7

Annotations:
D:5 Dowan, Duvessa


Innate Abilities, Weirdness & Mutations

You have an increased reservoir of magic. (+10% MP)
You shall have no god before yourself.
Your divine heritage dramatically boosts your attributes as you level up.


Message History

The magic dart hits Duvessa but does no damage.
Duvessa is lightly wounded.
The magic dart hits Duvessa.
Duvessa is moderately wounded.
Dowan shouts!
Dowan points at Duvessa and mumbles some strange words.
Duvessa seems to speed up.
Duvessa says, "My weaknesses are his strengths!"
Duvessa says, "When magic and the sword combine, nothing stands against them."
Dowan zaps a wand.
The puff of flame hits you! Duvessa attacks as she pursues you!
Duvessa hits you with a +0 short sword.
There is a stone staircase leading up here.
Casting: Magic Dart (safe; 1% risk of failure)
Confirm with . or Enter, or press ? or * to list all spells.
Okay, then.
Casting: Magic Dart (safe; 1% risk of failure)
Confirm with . or Enter, or press ? or * to list all spells.
Aiming: Searing Ray (safe; 1% risk of failure)
Press: ? - help, Shift-Dir - straight line, f/p - Duvessa
Aim: Duvessa, wielding a +0 short sword and wearing a +0 leather armour (moderately wounded, fast, 83% to hit)
The searing ray hits Duvessa!
Duvessa is heavily wounded. (Press . to maintain the ray.) Duvessa hits you with a +0 short sword!
Unknown command.
Unknown command.
Unknown command.
Unknown command.
Unknown command.
Unknown command.
Unknown command.
Unknown command.
Unknown command.
Unknown command.
The searing ray hits Duvessa!
Duvessa is severely wounded.
Duvessa hits you with a +0 short sword!
* * * LOW HITPOINT WARNING * * *
Duvessa hits you with a +0 short sword!
You die...

#...#######... #..<##...
...# #
####.<.##.####..###.# $
......%.....##...)#.##..
.............#..#.#....
.............#.......#
####...##.##.#.......#
#...##....e..#.#..#
#...#####@#.##.# #
...... #.#.##e# .#...
#.#.##.# ..#.e.).
......e. ##.#.##.## ...
#..


You could see Duvessa (fast).

Vanquished Creatures
  A scorpion (D:4)
  A hound (D:4)
  A gnoll bouda (D:4)
  7 gnolls
  4 adders
  2 dart slugs
  6 orcs (D:4)
  9 endoplasms
  2 giant cockroaches (D:3)
  3 goblins
  5 hobgoblins
  7 jackals
  2 quokkas (D:1)
  13 ball pythons
  3 bats
  5 frilled lizards
  5 kobolds
  3 rats
79 creatures vanquished.

Notes
Turn   | Place    | Note
-------+----------+-------------------------------------------
     0 | D:1      | shadizar the Demigod Conjurer began the quest for the Orb.
     0 | D:1      | Reached XP level 1. HP: 14/14 MP: 5/5
   296 | D:1      | Reached XP level 2. HP: 20/20 MP: 0/7
   757 | D:1      | Reached XP level 3. HP: 26/26 MP: 4/8
  1408 | D:1      | Learned a level 2 spell: Searing Ray
  1472 | D:2      | Reached skill level 4 in Conjurations
  2390 | D:3      | Reached XP level 4. HP: 33/33 MP: 8/10
  3424 | D:4      | Identified the +10 spear of Precise Incision {pain, rC+
                  | Int+4}
  3464 | D:4      | Reached XP level 5. HP: 38/38 MP: 8/12
  3653 | D:4      | Reached skill level 5 in Conjurations
  4318 | D:4      | Learned a level 4 spell: Iskenderun's Mystic Blast
  4334 | D:5      | Entered Level 5 of the Dungeon
  4351 | D:5      | Noticed Duvessa
  4351 | D:5      | Noticed Dowan
  4363 | D:5      | Slain by Duvessa

Illustrated notes

Levels and vault maps discovered:
D:1:      dpeg_arrival_solitude, layout_loops_cross
D:2:      layout_loops_cross
D:3:      layout_loops_ring
D:4:      layout_basic, marbit_many_paths
D:5:      layout_loops_cross, gammafunk_ghost_smash, uniq_eustachio,
          uniq_duvessa

Skill      XL: |  1  2  3  4  5 |
---------------+----------------+-----
Stealth        | 2 |  2.4
Dodging        | 2 |  2.3
Spellcasting   | 2 3 |  3.8
Conjurations   | 4 5 |  5.2

Action                     |  1- 3 |  4- 6 || total
---------------------------+-------+-------++-------
  Melee: Unarmed           |     3 |     2 ||     5
         Spear             |       |     4 ||     4
   Cast: Magic Dart        |    90 |    94 ||   184
         Searing Ray       |       |     4 ||     4
    Use: Potion            |       |     1 ||     1
 Armour: Robe              |     8 |    23 ||    31
  Dodge: Dodged            |     8 |    17 ||    25

Table legend: (Time is in decaauts)
 A = Elapsed time spent in this place.
 B = Non-inter-level travel time spent in this place.
 C = Inter-level travel time spent in this place.
 D = Time resting spent in this place.
 E = Time spent auto-exploring this place.
 F = Levels seen in this place.
 G = Mean time per level.
                   A        B        C        D        E       F      G
               +--------+--------+--------+--------+--------+-----+--------+
         Total |   4363 |   4153 |    210 |      0 |   3711 |   5 |  872.6 |
       Dungeon |   4363 |   4153 |    210 |      0 |   3711 |   5 |  872.6 |
               +--------+--------+--------+--------+--------+-----+--------+

Top non-repeatable levels by time:
     D:1: 1520 daAuts
     D:4: 1048 daAuts
     D:3: 948 daAuts
     D:2: 817 daAuts
     D:5: 28 daAuts
